 Dungeon Crawl Stone Soup version 0.31.0-32-g396128a36d (webtiles) character file.

Game seed: 668216391707766381

55 spaghetti the Magician (level 3, 0/31 HPs)
             Began as an Oni Summoner on Mar 10, 2024.
             Slain by a gnoll
             ... wielding a +0 spear
              (8 damage)
             ... on level 3 of the Dungeon.
             The game lasted 00:02:48 (2613 turns).

spaghetti the Magician (Oni Summoner)               Turns: 2613, Time: 00:02:48

Health: 0/31       AC:  3    Str: 11 (12) XL:     3   Next: 93%
Magic:  4/8        EV:  9    Int: 18      God:
Gold:   71         SH:  0    Dex:  8 (9)  Spells: 2/10 levels left

rFire   . . .        k - staff of alchemy
rCold   . . .        (no shield)
rNeg    . . .        a - +0 robe
rPois   +            (helmet restricted)
rElec   .            (no cloak)
rCorr   .            (gloves unavailable)
SInv    .            (boots unavailable)
Will    .....        (no amulet)
Stlth   +            (no ring)
HPRegen 0.25/turn    (no ring)
MPRegen 0.11/turn

%: no passive effects
@: inugami summoned
A: large, unfitting armour, horns 1, tough skin 1, double potion healing,
drunken brawling
a: no special abilities


You were on level 3 of the Dungeon.
You visited 1 branch of the dungeon, and saw 3 of its levels.

You collected 71 gold pieces.

Inventory:

Armour
 a - a +0 robe (worn)
Magical Staves
 k - a staff of alchemy (weapon)
Scrolls
 d - 3 scrolls of revelation {unknown}
 f - a scroll of identify {unknown}
 g - a scroll of noise
 i - a scroll of teleportation
Potions
 b - a potion of magic
 c - a potion of attraction
 e - a potion of resistance {unknown}
 h - a potion of mutation {unknown}
 j - a potion of lignification {unknown}


   Skills:
 - Level 1.7 Dodging
 - Level 1.4 Stealth
 + Level 4.2 Spellcasting
 + Level 3.9 Summonings
 + Level 0.0 Ice Magic


You had 2 spell levels left.
You knew the following spells:

 Your Spells              Type           Power      Damage    Failure   Level
a - Summon Ice Beast      Ice/Summ       11%        N/A       19%         3
b - Call Imp              Summ           34%        N/A       4%          2
c - Call Canine Familiar  Summ           17%        N/A       9%          3

Your spell library contained the following spells:

 Spells                   Type           Power      Damage    Failure   Level
 Summon Small Mammal      Summ           68%        N/A       3%          1
 Hailstorm                Conj/Ice       3%         3d5       38%         3
 Stone Arrow              Conj/Erth      6%         3d7       41%         3
 Animate Armour           Summ/Erth      20%        N/A       54%         4
 Summon Blazeheart Golem  Fire/Summ      10%        N/A       54%         4
 Summon Lightning Spire   Summ/Air       10%        N/A       54%         4
 Sculpt Simulacrum        Ice/Alch       2%         N/A       100%        6
 Lehudib's Crystal Spear  Conj/Erth      1%         10d2      100%        8


Dungeon Overview and Level Annotations

Branches:
Dungeon (3/15)

Altars:


Innate Abilities, Weirdness & Mutations

You are too large for most types of armour.
You have a pair of small horns on your head.
You have tough skin. (AC +1)
You gain doubled healing and magic from potions.
Whenever you drink a healing potion, you attack all around you.


Message History

A gnoll is nearby!
A gnoll is nearby!
A gnoll is nearby!
Things that are here:
a +0 short sword; 3 stones A kobold and a gnoll come into view.
Found a stone staircase leading down.
The kobold shouts!
A gnoll comes into view. It is wielding a +0 flail.
Found 5 curare-tipped darts and a blue potion.
The gnoll shouts!
The kobold throws a stone.
The stone hits you but does no damage.
You barely miss the gnoll. Your headbutt misses the gnoll.
Your cerulean imp hits the gnoll but does no damage.
The gnoll barely misses you.
Your cerulean imp hits the gnoll from afar with a -3 spear.
You barely miss the gnoll.
The gnoll is moderately wounded.
The gnoll barely misses you.
Your cerulean imp hits the gnoll but does no damage.
You hit the gnoll but do no damage.
The gnoll is moderately wounded.
The gnoll hits you with a +0 whip.
The gnoll hits you from afar with a +0 spear.
Your cerulean imp hits the gnoll from afar with a -3 spear.
You barely miss the gnoll.
The gnoll is moderately wounded.
The kobold throws a stone.
The stone misses you. The gnoll hits you with a +0 whip!
The gnoll barely misses you.
Your cerulean imp hits the gnoll but does no damage.
The gnoll hits you from afar with a +0 spear.
The gnoll hits you with a +0 flail.
* * * LOW HITPOINT WARNING * * *
The gnoll hits you with a +0 whip.
* * * LOW HITPOINT WARNING * * *
You barely miss the gnoll.
The gnoll is moderately wounded.
Your cerulean imp misses the gnoll.
The gnoll hits you from afar with a +0 spear!
You die...

#.##.........
#.#.......... #
#.........>..
#.#...........
#!(.........#.#
#.[....g...
#..ggK# #.#@#.#
#.#5#.# #.#h#[# #
#.#.#.#.#
#####.#>#.#.#
#...........#
#.###.#.#.#######
#.##.........
#.##.########


You could see 3 gnolls, a kobold, a friendly cerulean imp (summoned) and a
friendly inugami (summoned).

Vanquished Creatures
  A dart slug (D:3)
  3 ball pythons (D:1)
  A bat (D:1)
  2 endoplasms (D:1)
  10 giant cockroaches
  2 hobgoblins
  2 jackals (D:2)
  2 frilled lizards (D:1)
  2 goblins (D:1)
  3 rats (D:1)
28 creatures vanquished.

Vanquished Creatures (collateral kills)
  3 bats
  An endoplasm (D:2)
  4 giant cockroaches
  2 hobgoblins (D:1)
  A jackal (D:2)
  3 quokkas (D:1)
  A ball python (D:1)
  3 kobolds
18 creatures vanquished.

Grand Total: 46 creatures vanquished

Notes
Turn   | Place    | Note
-------+----------+-------------------------------------------
     0 | D:1      | spaghetti the Oni Summoner began the quest for the Orb.
     0 | D:1      | Reached XP level 1. HP: 16/16 MP: 3/3
   249 | D:1      | Reached skill level 3 in Spellcasting
   254 | D:1      | Reached XP level 2. HP: 13/24 MP: 6/6
   415 | D:1      | Learned a level 2 spell: Call Imp
   948 | D:1      | Reached XP level 3. HP: 31/31 MP: 8/8
   952 | D:1      | Learned a level 3 spell: Call Canine Familiar
  1189 | D:1      | Reached skill level 4 in Spellcasting
  2477 | D:2      | Learned a level 3 spell: Summon Ice Beast
  2613 | D:3      | Slain by a gnoll

Illustrated notes

Levels and vault maps discovered:
D:1:      lemuel_arrival_funnel, layout_loops_corners, chequers_arboretum
D:2:      minmay_roachtagon, layout_loops_ring,
          amcnicky_mini_rare_corridor_liquid
D:3:      layout_loops_ring, kennysheep_boxes

Skill      XL: |  1  2  3 |
---------------+----------+-----
Spellcasting   | 3 4 |  4.2
Dodging        | |  1.7
Stealth        | |  1.4
Summonings     | |  3.9

Action                     || total
---------------------------++-------
  Melee: Unarmed           ||   116
         Headbutt          ||    17
         Punch             ||     1
         Staff             ||    27
   Cast: Summon Small Mamm ||    22
         Call Imp          ||    17
         Call Canine Famil ||     8
         Summon Ice Beast  ||     1
    Use: Scroll            ||     5
         Potion            ||     4
   Stab: Distracted        ||     2
         Sleeping          ||     1
 Armour: Robe              ||   134
  Dodge: Dodged            ||   107
